 Dungeon Crawl Stone Soup version 0.23.2-1-ga50397a (webtiles) character file.

Game seed: 18040916094475770242

204 Magicfruit the Covered (level 6, -6/48 HPs)
             Began as a Human Fighter on May 30, 2019.
             Mangled by Duvessa
             ... wielding a +5 vampiric short sword
              (12 damage)
             ... on level 4 of the Dungeon.
             The game lasted 00:08:30 (3191 turns).

Magicfruit the Covered (Human Fighter)              Turns: 3191, Time: 00:08:31

Health: -6/48      AC:  9    Str: 23    XL:     6   Next: 9%
Magic:  6/6        EV:  8    Int:  8    God:
Gold:   180        SH: 10    Dex: 13    Spells: 5/5 levels left

rFire    . . .     SeeInvis .   a - +1 long sword
rCold    . . .     Gourm    .   c - +0 shield
rNeg     . . .     Faith    .   b - +0 scale mail
rPois    .         Spirit   .   i - +1 helmet
rElec    .         Reflect  .   (no cloak)
rCorr    .         Harm     .   (no gloves)
MR       .....                  (no boots)
Stlth    ..........             (no amulet)
HPRegen  0.16/turn              (no ring)
MPRegen  0.10/turn              (no ring)

@: mighty, hasted, very quick
A: no striking features
a: no special abilities


You were on level 4 of the Dungeon.
You were not hungry.

You visited 1 branch of the dungeon, and saw 4 of its levels.

You collected 180 gold pieces.

Inventory:

Hand Weapons
 a - a +1 long sword (weapon)
Armour
 b - a +0 scale mail (worn)
 c - a +0 shield (worn)
 i - a +1 helmet (worn)
Jewellery
 m - an uncursed ring of poison resistance {unknown}
Scrolls
 e - 2 scrolls of teleportation
 g - a scroll of immolation
Potions
 f - 2 potions of lignification
 l - a potion of invisibility
Comestibles
 j - a ration


   Skills:
 + Level 3.8 Fighting
 + Level 3.8 Long Blades
 + Level 3.9 Armour
 + Level 0.6 Dodging
 + Level 0.1 Stealth
 + Level 3.8 Shields


You had 5 spell levels left.
You didn't know any spells.
Your spell library was empty.

Dungeon Overview and Level Annotations

Branches:
Dungeon (4/15)
 Temple: D:4-7

Altars:
Cheibriados
Hepliaklqana
Makhleb

Annotations:
D:4 Duvessa


Message History

Duvessa weeps, then rights herself and shakes her weapon.
Duvessa goes berserk!
You have reached level 6!
Your experience leads to an increase in your attributes!
Your base attributes are Str 17, Int 8, Dex 13.
Increase (S)trength, (I)ntelligence, or (D)exterity?
You feel stronger.
Duvessa hits you with a +5 vampiric short sword.
* * * LOW HITPOINT WARNING * * *
Duvessa draws strength from your wounds!
You feel better.
Duvessa hits you with a +5 vampiric short sword.
* * * LOW HITPOINT WARNING * * *
You hit Duvessa.
Duvessa is moderately wounded.
Duvessa barely misses you. You block Duvessa's attack.
You hit Duvessa.
Duvessa is heavily wounded.
Duvessa hits you with a +5 vampiric short sword!
You die...

. .........# ....
#........#
(....#........#
.....##.......#.
..#.........#...
#...>...>...#.......
.....##............
#..#...e##.......#
.. #..)@....##...# .
##.....##.#....#
#......##......#
..#......##.....#
...............#
............#<###
............#.#
.............##
..##.#.....###


You could see Duvessa (berserk).

Vanquished Creatures
  Dowan (D:4)
  A worker ant (D:3)
  6 adders
  A shadow imp (D:3)
  2 worms (D:3)
  A dart slug (D:2)
  2 leopard geckos (D:1)
  7 orcs (D:3)
  A giant cockroach (D:2)
  9 goblins
  5 hobgoblins
  4 kobolds
  3 quokkas
  6 bats
  3 frilled lizards
  7 rats
59 creatures vanquished.

Notes
Turn   | Place    | Note
-------+----------+-------------------------------------------
     0 | D:1      | Magicfruit the Human Fighter began the quest for the Orb.
     0 | D:1      | Reached XP level 1. HP: 18/18 MP: 1/1
    49 | D:1      | Reached XP level 2. HP: 12/24 MP: 2/2
  1184 | D:2      | Reached XP level 3. HP: 29/29 MP: 3/3
  1564 | D:2      | Found a hazy altar of Hepliaklqana.
  1960 | D:3      | Reached XP level 4. HP: 32/37 MP: 4/4
  2092 | D:3      | Found a burning altar of Makhleb.
  2092 | D:3      | Found a snail-covered altar of Cheibriados.
  2360 | D:3      | Reached XP level 5. HP: 34/42 MP: 5/5
  3170 | D:4      | Noticed Duvessa
  3170 | D:4      | Noticed Dowan
  3188 | D:4      | Killed Dowan
  3188 | D:4      | Reached XP level 6. HP: 7/48 MP: 6/6
  3191 | D:4      | Mangled by Duvessa

Skill      XL: |  1  2  3  4 |
---------------+-------------+-----
Long Blades    | 3 |  3.8
Fighting       | |  3.8
Armour         | |  3.9
Dodging        | |  0.6
Stealth        | |  0.1
Shields        | |  3.8

Action                   |  1- 3 |  4- 6 || total
-------------------------+-------+-------++-------
Melee: Long sword        |   134 |   122 ||   256
  Use: Scroll            |     4 |     3 ||     7
       Potion            |     2 |     5 ||     7
  Eat: Ration            |     1 |     2 ||     3
Armor: Scale mail        |    69 |    52 ||   121
Dodge: Dodged            |    43 |    42 ||    85
Block: Shield            |    62 |    77 ||   139
       Rpst.: Long sword |    13 |    14 ||    27
